[ AOE2 MATCH · #507071387 ]
UnrankedBengalis vs Huns
Player's team · LOSS
Rival team · WIN
[ REPLAY ANALYSIS · EXTRACTED FROM THE RECORDED GAME ]
Feudal
11:07
Castle
15:48
Imperial
—
| APM avg | 37.2 |
| APM peak | 61 |
| eAPM avg | 13.8 |
| Villagers / military | 34 / 0 |
Focus
⚔️ 25.3% · 🌾 74.7%
Feudal
9:02
Castle
—
Imperial
—
| APM avg | 46.2 |
| APM peak | 96 |
| eAPM avg | 12.8 |
| Villagers / military | 32 / 7 |
Focus
⚔️ 26.9% · 🌾 73.1%
Scout Cavalry ×7
Match map
Initial resources + every placement click. Lines = walls · curves = elevation contours. ◆ gold · ⬟ stone · ● berries · ✦ relic · ◌ wall gap
Your base· ✓ Closed at 15:48 · 45t walls · no gate
DITO_san's base· Open — opponent sealed themselves in
Smoothed initial terrain · ◌ = detected wall gap · hover for details
Inputs per minute
— 极地沙尘暴 - - DITO_san
Build order — 极地沙尘暴
70 actions detected in the replay
| 0:02 | Queue | Villager (Male) |
| 0:02 | Queue | Villager (Male) |
| 0:02 | Queue | Villager (Male) |
| 0:02 | Queue | Villager (Male) |
| 0:06 | Build | House |
| 0:10 | Build | House |
| 1:43 | Queue | Villager (Male) |
| 2:06 | Queue | Villager (Male) |
| 2:06 | Queue | Villager (Male) |
| 2:17 | Build | Lumber Camp |
| 2:32 | Queue | Villager (Male) |
| 2:33 | Queue | Villager (Male) |
| 2:33 | Queue | Villager (Male) |
| 2:58 | Queue | Villager (Male) |
| 2:59 | Queue | Villager (Male) |
| 2:59 | Queue | Villager (Male) |
| 3:18 | Queue | Villager (Male) |
| 3:18 | Queue | Villager (Male) |
| 3:18 | Queue | Villager (Male) |
| 3:46 | Build | House |
| 3:48 | Queue | Villager (Male) |
| 3:48 | Queue | Villager (Male) |
| 4:19 | Queue | Villager (Male) |
| 4:19 | Queue | Villager (Male) |
| 4:19 | Queue | Villager (Male) |
| 4:19 | Queue | Villager (Male) |
| 4:43 | Queue | Villager (Male) |
| 4:43 | Queue | Villager (Male) |
| 4:55 | Build | Mill |
| 5:43 | Build | House |
| 5:46 | Build | Palisade Wall |
| 5:58 | Queue | Villager (Male) |
| 5:58 | Queue | Villager (Male) |
| 5:58 | Queue | Villager (Male) |
| 6:47 | Research | Loom |
| 6:48 | Queue | Villager (Male) |
| 7:02 | Build | Palisade Wall |
| 7:05 | Build | Palisade Wall |
| 7:16 | Build | Palisade Wall |
| 7:25 | Build | Palisade Wall |
| 7:27 | Build | Palisade Wall |
| 7:37 | Queue | Villager (Male) |
| 7:38 | Queue | Villager (Male) |
| 8:06 | Build | Palisade Wall |
| 8:32 | Queue | Villager (Male) |
| 8:33 | Research | Feudal Age |
| 8:54 | Build | Mining Camp |
| 10:43 | Queue | Villager (Male) |
| 10:44 | Queue | Villager (Male) |
| 10:57 | Build | Mining Camp |
| 11:07 | Age | Feudal Age |
| 11:16 | Build | House |
| 11:22 | Research | Wheelbarrow |
| 11:55 | Build | Market |
| 12:00 | Build | Blacksmith |
| 12:18 | Build | Farm |
| 12:34 | Build | House |
| 12:40 | Queue | Villager (Male) |
| 13:08 | Research | Castle Age |
| 13:09 | Research | Castle Age |
| 13:13 | Build | House |
| 13:17 | Build | House |
| 13:34 | Build | House |
| 13:38 | Build | House |
| 13:47 | Research | Double-Bit Axe |
| 13:47 | Research | Double-Bit Axe |
| 14:26 | Build | House |
| 14:31 | Build | House |
| 14:44 | Build | Watch Tower |
| 15:48 | Age | Castle Age |
Build order — DITO_san
66 actions detected in the replay
| 0:01 | Queue | Villager (Male) |
| 0:11 | Queue | Villager (Male) |
| 0:22 | Queue | Villager (Male) |
| 0:44 | Queue | Villager (Male) |
| 1:17 | Queue | Villager (Male) |
| 1:51 | Queue | Villager (Male) |
| 1:57 | Build | Lumber Camp |
| 2:08 | Queue | Villager (Male) |
| 2:58 | Queue | Villager (Male) |
| 2:59 | Queue | Villager (Male) |
| 3:41 | Queue | Villager (Male) |
| 4:12 | Queue | Villager (Male) |
| 4:47 | Queue | Villager (Male) |
| 5:04 | Queue | Villager (Male) |
| 5:16 | Build | Mill |
| 5:33 | Queue | Villager (Male) |
| 6:02 | Queue | Villager (Male) |
| 6:02 | Research | Loom |
| 6:49 | Research | Feudal Age |
| 7:47 | Build | Barracks |
| 8:28 | Queue | Villager (Male) |
| 8:37 | Build | Palisade Wall |
| 8:48 | Build | Palisade Wall |
| 9:02 | Age | Feudal Age |
| 9:05 | Build | Stable |
| 9:08 | Research | Double-Bit Axe |
| 9:19 | Queue | Villager (Male) |
| 9:35 | Queue | Villager (Male) |
| 9:48 | Queue | Scout Cavalry |
| 9:50 | Queue | Scout Cavalry |
| 10:05 | Queue | Villager (Male) |
| 10:11 | Build | Mining Camp |
| 10:37 | Queue | Scout Cavalry |
| 10:58 | Queue | Scout Cavalry |
| 11:00 | Queue | Villager (Male) |
| 11:17 | Queue | Villager (Male) |
| 11:19 | Build | Farm |
| 11:19 | Build | Farm |
| 11:20 | Build | Farm |
| 11:20 | Build | Farm |
| 11:20 | Build | Farm |
| 11:49 | Queue | Villager (Male) |
| 12:14 | Queue | Villager (Male) |
| 12:26 | Build | Watch Tower |
| 12:40 | Queue | Villager (Male) |
| 12:41 | Queue | Scout Cavalry |
| 12:56 | Build | Farm |
| 12:57 | Build | Farm |
| 12:57 | Build | Farm |
| 13:00 | Build | Farm |
| 13:01 | Queue | Villager (Male) |
| 13:22 | Queue | Villager (Male) |
| 13:22 | Queue | Scout Cavalry |
| 14:02 | Queue | Villager (Male) |
| 14:02 | Queue | Scout Cavalry |
| 14:05 | Build | Farm |
| 14:16 | Build | Watch Tower |
| 14:24 | Queue | Villager (Male) |
| 14:49 | Queue | Villager (Male) |
| 14:58 | Build | Watch Tower |
| 15:06 | Queue | Villager (Male) |
| 15:09 | Build | Farm |
| 15:43 | Queue | Villager (Male) |
| 15:45 | Build | Archery Range |
| 15:54 | Queue | Villager (Male) |
| 15:56 | Build | Farm |
Match timeline
| 5:46 | 极地沙尘暴 · wall_segment Palisade Wall x1 |
| 7:02 | 极地沙尘暴 · wall_segment Palisade Wall x4 |
| 7:05 | 极地沙尘暴 · wall_segment Palisade Wall x2 |
| 7:16 | 极地沙尘暴 · wall_segment Palisade Wall x13 |
| 7:25 | 极地沙尘暴 · wall_segment Palisade Wall x3 |
| 7:27 | 极地沙尘暴 · wall_segment Palisade Wall x11 |
| 7:47 | DITO_san · first_building Barracks |
| 8:06 | 极地沙尘暴 · wall_segment Palisade Wall x11 |
| 8:37 | DITO_san · wall_segment Palisade Wall x6 |
| 8:48 | DITO_san · wall_segment Palisade Wall x4 |
| 9:02 | DITO_san · age_up feudal |
| 9:05 | DITO_san · first_building Stable |
| 11:07 | 极地沙尘暴 · age_up feudal |
| 12:58 | 极地沙尘暴 · first_market_sell 100 stone |
| 13:00 | 极地沙尘暴 · first_market_buy 100 food |
| 15:45 | DITO_san · first_building Archery Range |
| 15:48 | 极地沙尘暴 · age_up castle |
| 16:03 | 极地沙尘暴 · resign |
[ AI ANALYSIS · 1 CREDIT ]
What really happened in this match?
Wolo.gg analyzes every decision: build order, eco, micro, common mistakes by bracket. Personalized analysis on WhatsApp or Discord in 30 seconds.
Civ guide
Bengalis
Perfil
Jugador #18105255